Map: Terraform LE (Void)

Players

BiiiiiiiiiiG - Winner!

  • Race: Terran Terran
  • League: Grandmaster

ImotoFantasy

  • Race: Protoss Protoss
  • League: Gold

VOD

Have the link to the VOD?

Description

Time

  • Played on: Oct. 25, 2015, 3:26 p.m.
  • Length: 11:59
Show
View Real Time Build Order
Export as new Build Order

BiiiiiiiiiiG Terran - Winner!

Build Orders: Reaper Expand, MMM Bio 

Get SALT Encoding   

  12  0:01  SCV  
  13  0:13  SCV  
  14  0:18  Supply Depot  
  14  0:25  SCV  
  15  0:39  SCV  
  15  0:40  Barracks  
  16  0:45  Refinery  
  16  0:51  SCV  
  17  1:03  SCV  
  18  1:15  SCV  
  19  1:28  Reaper, Orbital Command  
  20  1:41  Command Center  
  20  1:53  Barracks  
  20  1:57  SCV  
  21  2:02  Supply Depot  
  21  2:05  Barracks Reactor  
  21  2:11  SCV  
  22  2:25  SCV  
  23  2:30  Factory  
  23  2:37  SCV  
  24  2:49  SCV  
  24  2:50  Marine x2  
  24  2:51  Marine  
  28  2:56  Bunker  
  28  2:59  Orbital Command  
  28  3:08  Marine x2  
  29  3:20  Widow Mine  
  29  3:24  Starport  
  29  3:25  Barracks Tech Lab, Marine  
  29  3:26  Marine  
  33  3:28  SCV  
  33  3:33  Refinery  
  34  3:35  Supply Depot, SCV  
  35  3:43  Orbital Command, Marine  
  35  3:44  Marine  
  35  3:47  SCV  
  40  3:57  Supply Depot, Widow Mine  
  40  3:59  SCV  
  40  4:02  Marine, Medivac  
  43  4:03  Marine  
  43  4:04  Marine  
  43  4:09  SCV  
  47  4:11  SCV  
  48  4:18  Supply Depot  
  48  4:20  Marine  
  48  4:22  Marine  
  50  4:25  SCV  
  50  4:26  Widow Mine  
  53  4:33  SCV  
  53  4:34  Stimpack  
  53  4:37  SCV  
  55  4:39  Marauder  
  55  4:41  Marine x2  
  55  4:45  SCV  
  60  4:49  SCV  
  60  4:51  Supply Depot  
  61  4:54  Widow Mine  
  61  4:55  Engineering Bay  
  61  4:59  Medivac, Marine x2  
  67  5:00  Marauder  
  67  5:01  SCV  
  70  5:13  SCV  
  70  5:17  Marine x2  
  72  5:21  Marauder  
  72  5:31  SCV x2  
  72  5:34  Marine  
  72  5:35  Marine  
  73  5:43  Marauder  
  70  5:52  Marine x2  
  70  5:56  SCV x2, Bunker  
  73  6:01  Widow Mine  
  73  6:02  Barracks  
  73  6:04  Marauder  
  73  6:08  SCV  
  73  6:10  Marine x2  
  71  6:16  Terran Infantry Weapons Level 1  
  71  6:17  Barracks  
  69  6:26  Marauder  
  69  6:28  Marine x2  
  69  6:30  SCV x2  
  73  6:34  Medivac  
  73  6:35  Concussive Shells  
  75  6:41  Refinery  
  75  6:42  SCV x2  
  75  6:46  Marine  
  78  6:49  Supply Depot  
  78  6:50  Barracks  
  78  6:51  Marine  
  77  6:54  Marauder  
  77  6:57  Barracks Tech Lab  
  77  7:00  SCV  
  78  7:07  SCV, Marine  
  80  7:11  Supply Depot  
  80  7:12  SCV  
  81  7:16  Supply Depot, Marauder  
  81  7:17  Combat Shields, Marine, Marauder  
  86  7:24  Marine  
  86  7:27  SCV  
  86  7:28  SCV, Liberator  
  89  7:35  Marine  
  90  7:37  Missile Turret, Marauder  
  90  7:38  Marauder  
  90  7:39  Missile Turret  
  90  7:40  Barracks Tech Lab  
  90  7:42  Marine  
  95  7:44  Barracks Tech Lab  
  95  7:46  SCV  
  95  7:47  SCV  
  100  7:53  Supply Depot, Marine  
  100  7:54  Command Center  
  101  7:59  SCV x2, Marine, Factory Reactor, Marauder  
  101  8:00  Marine  
  101  8:04  Marauder  
  109  8:11  Marine  
  110  8:14  Liberator  
  110  8:15  Marauder  
  110  8:17  Marauder  
  110  8:18  Marine  
  110  8:19  Marine  
  108  8:25  Marauder  
  95  8:29  Marine  
  95  8:34  SCV  
  95  8:36  Marine x2  
  95  8:38  Marine, Widow Mine x2, Marauder  
  105  8:46  Marine  
  105  8:47  Marine  
  105  8:52  Refinery  
  105  8:53  Marine  
  105  8:54  Marauder  
  108  8:56  Marine  
  108  8:57  Terran Infantry Armor Level 1  
  108  8:59  Liberator, Marine  
  110  9:02  Barracks  
  110  9:04  SCV, Marine x2  
  110  9:05  SCV, Barracks  
  110  9:06  Barracks  
  110  9:09  Orbital Command  
  114  9:11  Marine  
  114  9:14  Marine  
  114  9:15  Marine  
  114  9:16  Marine  
  120  9:18  SCV  
  120  9:22  Widow Mine x2, Marine x2  
  126  9:29  Marine  
  127  9:32  Supply Depot, Marine  
  127  9:33  Marine  
  127  9:34  Marine  
  127  9:37  Supply Depot  
  130  9:39  Marine  
  130  9:42  Liberator  
  130  9:43  Marine  
  132  9:47  Marine  
  132  9:51  Marine, Marauder  
  132  9:52  Marine, Orbital Command  
  133  9:54  Missile Turret  
  133  9:57  Marine  
  118  10:03  Marine x4  
  118  10:05  Marine  
  114  10:10  Marine, Marauder  
  114  10:12  Marine  
  111  10:15  Marine  
  111  10:21  Marine x4  
  108  10:22  Marine  
  108  10:28  Marine  
  110  10:30  Marine  
  110  10:31  Marine  
  110  10:32  Widow Mine x2  
  110  10:33  Marine  
  112  10:39  Marine x4  
  112  10:40  Marine  
  112  10:41  SCV  
  118  10:45  SCV x2  
  118  10:46  Marauder  
  118  10:47  Liberator  
  118  10:48  Marine  
  118  10:49  Marauder  
  124  10:51  Marine  
  124  11:02  Marine  
  124  11:03  Marine x2  
  125  11:06  SCV, Marauder  
  125  11:10  Bunker  
  131  11:12  Supply Depot  
  131  11:18  Armory  
  126  11:29  Marine  
  126  11:30  Barracks Reactor, Marauder, Marine x3  
Show
View Real Time Build Order
Export as new Build Order

ImotoFantasy Protoss 

Build Orders:  

Get SALT Encoding   

  12  0:01  Probe (Chrono Boost)  
  13  0:13  Pylon  
  13  0:17  Probe (Chrono Boost)  
  14  0:28  Probe (Chrono Boost)  
  15  0:35  Gateway  
  15  0:38  Probe (Chrono Boost)  
  16  0:45  Assimilator  
  16  0:49  Probe (Chrono Boost)  
  17  0:59  Probe (Chrono Boost)  
  18  1:10  Probe (Chrono Boost)  
  19  1:20  Probe (Chrono Boost)  
  19  1:22  Cybernetics Core  
  20  1:26  Pylon  
  20  1:31  Probe (Chrono Boost)  
  21  1:42  Probe (Chrono Boost)  
  22  1:52  Probe (Chrono Boost)  
  23  1:55  Nexus  
  23  2:03  Mothership Core (Chrono Boost)  
  25  2:08  Stalker (Chrono Boost)  
  27  2:16  Pylon  
  27  2:19  Assimilator  
  27  2:24  Probe (Chrono Boost)  
  28  2:31  Warp Gate (Chrono Boost)  
  28  2:35  Probe  
  29  2:56  Probe  
  30  3:08  Probe, Forge  
  31  3:13  Probe  
  31  3:20  Probe  
  31  3:23  Probe  
  33  3:28  Robotics Facility  
  33  3:32  Probe  
  33  3:33  Gateway  
  34  3:34  Probe  
  34  3:35  Gateway  
  35  3:43  Pylon  
  35  3:44  Probe  
  35  3:45  Probe  
  37  3:51  Protoss Ground Weapons Level 1 (Chrono Boost)  
  37  3:56  Probe  
  37  3:57  Probe  
  39  4:08  Probe  
  39  4:09  Probe  
  41  4:12  Pylon  
  41  4:28  Probe x2  
  43  4:32  Observer  
  43  4:34  Pylon  
  43  4:37  Assimilator  
  44  4:40  Stalker x3, Probe x2, Assimilator  
  52  4:50  Pylon  
  52  4:57  Pylon  
  52  4:59  Observer  
  53  5:01  Pylon  
  53  5:03  Probe x2  
  55  5:07  Pylon  
  55  5:25  Probe x2  
  55  5:28  Stalker x3  
  59  5:53  Stalker x2  
  59  5:56  Probe x2  
  59  6:03  Stalker  
  59  6:14  Probe x2  
  59  6:15  Immortal  
  63  6:18  Photon Cannon  
  59  6:28  Stalker x3  
  59  6:29  Photon Cannon  
  59  6:31  Probe x2  
  67  6:43  Probe x2  
  67  6:45  Protoss Ground Armor Level 1 (Chrono Boost)  
  64  6:55  Probe x2  
  66  7:05  Immortal  
  66  7:08  Probe x2 (Chrono Boost)  
  72  7:09  Twilight Council  
  72  7:12  Gateway  
  72  7:14  Gateway  
  72  7:18  Probe (Chrono Boost)  
  72  7:19  Probe (Chrono Boost)  
  74  7:29  Probe x2 (Chrono Boost)  
  76  7:30  Sentry  
  78  7:39  Probe x2 (Chrono Boost)  
  78  7:41  Immortal, Blink (Chrono Boost)  
  84  7:58  Pylon  
  84  8:11  Zealot x3  
  72  8:33  Zealot x3  
  76  8:37  Probe x2  
  78  8:42  Photon Cannon  
  78  8:46  Pylon  
  78  8:48  Immortal (Chrono Boost)  
  78  8:50  Protoss Ground Weapons Level 2 (Chrono Boost)  
  81  9:06  Robotics Bay  
  81  9:09  Robotics Facility  
  81  9:16  Pylon  
  81  9:19  Pylon  
  81  9:25  Stalker  
  81  9:26  Stalker x3  
  81  9:28  Immortal (Chrono Boost)  
  93  9:40  Zealot  
  89  9:54  Zealot  
  89  9:55  Zealot x3  
  81  10:06  Zealot  
  53  10:21  Zealot x3  
  53  10:22  Zealot  
  55  10:36  Zealot  
  55  10:40  Immortal (Chrono Boost)  
  63  10:44  Zealot  
  63  10:45  Zealot x3  
  63  10:46  Immortal (Chrono Boost)  
  71  11:01  Stalker  
  63  11:08  Stalker x3  
  63  11:09  Stalker  
  59  11:47  Stalker x4  
  67  11:48  Stalker  
Tags
 
Add a new tag
Caveats
  • Supply blocks, unpowered buildings, or Contaminate may cause inaccurate times.
  • Supply counts are checked every 10 seconds.